 Dungeon Crawl Stone Soup version 0.25-a0-71-ge910a4a (webtiles) character file.

Game seed: 14223969165629417417, levelgen mode: deterministic

172 scarywalker64 the Gusty (level 5, -2/40 HPs)
             Began as a Demigod Air Elementalist on Nov 4, 2019.
             Slain by an orc
             ... wielding a +0 dagger
              (3 damage)
             ... on level 2 of the Dungeon.
             The game lasted 00:06:03 (2744 turns).

scarywalker64 the Gusty (Demigod Air Elementalist)  Turns: 2744, Time: 00:06:03

Health: -2/40      AC:  3    Str: 13    XL:     5   Next: 6%
Magic:  20/20      EV: 12    Int: 19    God:
Gold:   81         SH:  0    Dex: 16    Spells: 7/8 levels left

rFire    . . .     SeeInvis .   s - +0 whip (elec)
rCold    . . .     Gourm    .   (no shield)
rNeg     . . .     Faith    .   g - +0 leather armour
rPois    .         Spirit   .   (no helmet)
rElec    .         Reflect  .   (no cloak)
rCorr    .         Harm     .   (no gloves)
MR       .....                  (no boots)
Stlth    +.........             (no amulet)
HPRegen  0.13/turn              f - ring of magical power
MPRegen  0.17/turn              (no ring)

@: confused
A: high mp 1
a: no special abilities


You were on level 2 of the Dungeon.
You were not hungry.

You visited 1 branch of the dungeon, and saw 3 of its levels.

You collected 81 gold pieces.

Inventory:

Hand Weapons
 r - a +0 hunting sling
 s - a +0 whip of electrocution (weapon)
Missiles
 i - 41 arrows
 m - 60 stones (quivered)
 q - 20 sling bullets
Armour
 g - a +0 leather armour (worn)
Jewellery
 f - a ring of magical power (left hand)
Scrolls
 a - 2 scrolls of blinking {unknown}
 d - a scroll of identify {unknown}
 h - a scroll of enchant weapon {unknown}
 k - a scroll of teleportation {unknown}
 l - a scroll of remove curse {unknown}
 o - 2 scrolls of fog {unknown}
 p - a scroll of fear {unknown}
Potions
 b - a potion of might {unknown}
 e - a potion of brilliance {unknown}
 j - a potion of lignification {unknown}
 n - 2 potions of heal wounds
Comestibles
 c - 7 rations
 t - 5 chunks of flesh


   Skills:
 * Level 1.5 Fighting
   Level 1.0 Polearms
 * Level 0.3 Slings
 + Level 1.4 Armour
 + Level 2.3 Dodging
 - Level 2.0 Stealth
 * Level 2.2 Spellcasting
 * Level 1.7 Conjurations
 * Level 3.4 Air Magic


You had 7 spell levels left.
You knew the following spells:

 Your Spells              Type           Power        Failure   Level  Hunger
a - Shock                 Conj/Air       ##..         8%          1    #......

Your spell library contained the following spells:

 Spells                   Type           Power        Failure   Level  Hunger
 Swiftness                Chrm/Air       #.......     16%         2    ##.....
 Static Discharge         Conj/Air       ##......     22%         3    ###....
 Airstrike                Air            ###.......   45%         4    #####..
 Lightning Bolt           Conj/Air       ##........   90%         5    ######.


Dungeon Overview and Level Annotations

Branches:
Dungeon (3/15)


Innate Abilities, Weirdness & Mutations

You have an increased reservoir of magic. (+10% MP)


Message History

A puff of flame appears from out of thin air!
The puff of flame hits you! The orc closely misses you. The orc misses you.
The orc hits you but does no damage.
You hear some strange, mumbled words.
You are confused.
You're too confused to move!
The orc hits you but does no damage.
You're too confused to move!
Something barely misses you. The orc hits you with a +0 whip.
* * * LOW HITPOINT WARNING * * *
The orc closely misses you.
You completely miss something.
You hear some strange, mumbled words.
A puff of flame appears from out of thin air!
The puff of flame hits you!
* * * LOW HITPOINT WARNING * * *
The orc hits you with a +0 whip.
* * * LOW HITPOINT WARNING * * *
The orc hits you with a +0 dagger.
You die...

...........#.................#..#
.................................
....................####.....#.#.
...........#........# ##....#.#.
..#...##............# ##......#.
..#.#.....#.........####.....###.
.##.#..............###.......# #.
###.#...#>.............##.##.###.
#...#...........@...#####.##...#.
#.###..........o.o...###..####.#.
..#.....##.)<..#..##....<........
....#...##.......####.รท..........
..###...#.......## #..>[........
.## #####.......# #............ ##
#.......# #.......##### #
#......#### #.......# #
###.......# #.......#


You could see 2 orcs.

Vanquished Creatures
  An orc wizard (D:2)
  Natasha (thrice) (D:1)
  An adder (D:1)
  An ooze (D:1)
  3 worms
  A dart slug (D:1)
  An orc (D:2)
  5 bats
  10 goblins
  8 jackals (D:1)
  2 frilled lizards (D:1)
  6 kobolds
  5 rats
47 creatures vanquished.

Notes
Turn   | Place    | Note
-------+----------+-------------------------------------------
     0 | D:1      | scarywalker64 the Demigod Air Elementalist began the quest
                  | for the Orb.
     0 | D:1      | Reached XP level 1. HP: 14/14 MP: 5/5
   188 | D:1      | Reached skill level 3 in Air Magic
   392 | D:1      | Reached XP level 2. HP: 18/20 MP: 7/7
   789 | D:1      | Reached skill level 1 in Conjurations
   995 | D:2      | Noticed Natasha
  1002 | D:1      | Killed Natasha
  1002 | D:1      | Reached XP level 3. HP: 14/27 MP: 8/8
  1002 | D:1      | Noticed Natasha
  1044 | D:1      | Killed Natasha
  1044 | D:1      | Reached skill level 1 in Fighting
  1208 | D:1      | Noticed Natasha
  1219 | D:1      | Killed Natasha
  1219 | D:1      | Reached skill level 1 in Armour
  1219 | D:1      | Reached XP level 4. HP: 19/35 MP: 7/9
  2063 | D:2      | Reached skill level 1 in Polearms
  2564 | D:2      | Reached XP level 5. HP: 20/40 MP: 11/11
  2744 | D:2      | HP: 1/40 [orc/+0 whip (3)]
  2744 | D:2      | Slain by an orc

Levels and vault maps discovered:
D:1:      giann_bridges, layout_loops_ring
D:2:      layout_rooms, uniq_natasha
D:3:      layout_basic, zin_statuary, st_stairs_9

Skill      XL: |  1  2  3  4 |
---------------+-------------+-----
Air Magic      | 3 |  3.4
Stealth        | 2 |  2.0
Dodging        | 2 |  2.3
Conjurations   | 1 |  1.7
Spellcasting   | 2 |  2.2
Fighting       | 1 |  1.5
Armour         | 1 |  1.4
Polearms       | 1 |  1.0
Slings         | |  0.3

Action                   |  1- 3 |  4- 6 || total
-------------------------+-------+-------++-------
Melee: Spear             |    64 |    56 ||   120
       Whip              |       |    34 ||    34
 Cast: Shock             |    17 |    32 ||    49
  Use: Potion            |       |     1 ||     1
 Stab: Sleeping          |     4 |       ||     4
  Eat: Chunk             |       |     6 ||     6
Armor: Leather armour    |    13 |    33 ||    46
Dodge: Dodged            |    47 |    99 ||   146

Table legend:
 A = Non-vault XP
 B = Vault XP
 C = Vault XP percentage of total XP
 D = Non-vault monster count
 E = Vault monster count
 F = Vault count percentage of total count
                 A         B        C        D         E       F
            +---------+---------+-------+---------+---------+-------
      Total |     212 |      35 |  14.2 |      46 |       1 |   2.1
            +---------+---------+-------+---------+---------+-------
        D:1 |     143 |      35 |  19.7 |      31 |       1 |   3.1
        D:2 |      69 |       0 |   0.0 |      15 |       0 |   0.0
            +---------+---------+-------+---------+---------+-------
